[Event "15th Tashkent Open Agzamov 2022"]
[Site "Tashkent"]
[Date "2022.05.07"]
[Round "6.3"]
[White "Utegaliyev, Azamat"]
[Black "Romanov, Evgeny"]
[Result "1/2-1/2"]
[ECO "A36"]
[WhiteElo "2463"]
[BlackElo "2573"]
[Annotator "TA"]
[PlyCount "47"]
[EventDate "2022.05.05"]
[EventType "swiss"]
[EventCountry "UZB"]
[SourceTitle "playchess.com"]
[Source "ChessBase"]
[SourceQuality "1"]
[TimeControl "5400+30"]

1. c4 c5 2. g3 Nc6 3. Bg2 g6 4. Nc3 Bg7 5. d3 d6 6. Qd2 {[%emt 0:00:28] A36: Symmetrical English vs ...g6: 4 Bg2 Bg7.} e6 7. b3 Nge7 8. Bb2 a6 9. h4 {[%emt 0:01:14] [#]} h5 $146 ({Predecessor:} 9... h6 10. e3 Rb8 11. Ne4 e5 12. f4 b6 13. Nf3 Bf6 14. h5 Qd7 15. hxg6 fxg6 16. Nh4 {1-0 (16) Movsziszian,K (2474)-Palchuk,A (2174) Platja d'Aro 2021}) 10. Nf3 Nd4 (10... O-O $11) 11. e3 Nxf3+ 12. Bxf3 e5 13. O-O O-O 14. Rad1 Rb8 15. Rfe1 Nf5 16. Qe2 b5 17. Be4 Be6 18. Bg2 Ne7 19. Ne4 Bg4 20. Bf3 Bxf3 21. Qxf3 Nf5 22. Rd2 a5 23. Qd1 Re8 24. Nc3 {[%emt 0:11:19] Weighted Error Value: White=0.08 (flawless) /Black=0.09 (flawless)} 1/2-1/2

[Event "15th Tashkent Open Agzamov 2022"]
[Site "Tashkent"]
[Date "2022.05.07"]
[Round "6.4"]
[White "Mchedlishvili, Mikheil"]
[Black "Suleymenov, Alisher"]
[Result "0-1"]
[ECO "B99"]
[WhiteElo "2595"]
[BlackElo "2445"]
[Annotator "TA"]
[PlyCount "94"]
[EventDate "2022.05.05"]
[EventType "swiss"]
[EventCountry "UZB"]
[SourceTitle "playchess.com"]
[Source "ChessBase"]
[SourceQuality "1"]
[TimeControl "5400+30"]

1. e4 c5 2. Nc3 d6 3. Nf3 Nf6 4. d4 cxd4 5. Nxd4 a6 6. Bg5 e6 7. f4 Be7 8. Qf3 Qc7 9. O-O-O Nbd7 10. g4 h6 11. Bxf6 Bxf6 12. h4 Nb6 $1 {[%emt 0:00:04][%mdl 4] now scores much better than the old 12...Qb6. B99: Sicilian Najdorf: 6 Bg5 e6 7 f4 Be7 8 Qf3 Qc7 9 0-0-0 Nbd7.} 13. g5 Bxd4 14. Rxd4 Qc5 {[%emt 0:00:02] White is slightly better.} 15. Rd2 Bd7 16. Be2 (16. g6 {with more complications.} O-O 17. Qd3 d5 18. exd5 Nxd5 19. Nxd5 exd5 20. Bg2) 16... O-O-O 17. Rhd1 Bc6 18. Rd4 {[%emt 0:05:24] b4 is the strong threat.} d5 {[%emt 0:12:11] [#]} 19. e5 $146 (19. gxh6 $14 gxh6 20. Qe3) ({Predecessor:} 19. Qf2 Rd7 20. exd5 Nxd5 21. Nxd5 Rxd5 22. Bf3 Rxd4 23. Rxd4 Qb6 24. b3 Kb8 25. Bxc6 Qxc6 {½-½ (38) Goraj,B (2044)-Rudzinska,M (2215) Pokrzywna 2021}) 19... Nd7 20. Qg3 (20. b4 $14 Qe7 21. a4) 20... g6 (20... hxg5 $11 21. hxg5 Qe7) 21. a4 (21. b4 $5 Qe7 22. a4 $16) 21... a5 {[%emt 0:07:49] Inhibits b4.} 22. Nb5 Bxb5 23. Bxb5 Kb8 24. Kb1 hxg5 25. hxg5 Nb6 26. Qg2 Rc8 27. Qd2 Rh3 (27... Rh4 {is interesting.} 28. Qxa5 Qxc2+ 29. Ka2 Qc5) 28. Rd3 Rxd3 29. Qxd3 (29. cxd3 $11 d4 30. Rh1 (30. Rc1 Qxc1+ 31. Qxc1 Rxc1+ 32. Kxc1 Nd5 $17)) 29... Rh8 ({Black should try} 29... Nc4 $1 $15) 30. Qd2 $11 Rh4 31. Rf1 ({Reject} 31. Qxa5 Rxf4 32. Qd2 Rg4 $17) 31... Nc4 32. Bxc4 Qxc4 $15 {[%emt 0:00:03][%mdl 4096] Endgame KQR-KQR} 33. Qf2 Rh3 34. b3 $1 Qc3 {[%emt 0:00:47] Black is more active.} 35. Rd1 $1 Re3 36. Qh2 (36. Qd2 $1 $15) 36... d4 $40 {[%emt 0:01:42][%mdl 128] Black has strong attack.} (36... Rf3 $19 {and Black stays clearly on top.} 37. Qe2 Rxf4) 37. Qf2 $2 {[%emt 0:01:58][%mdl 8192] [#] White does not recover from this.} (37. Qd2 $17 {is more resistant.}) 37... d3 $1 $19 {[%emt 0:01:13][%mdl 512] Black is clearly winning.} 38. Qd2 (38. cxd3 Qxb3+) 38... dxc2+ 39. Qxc2 Qxb3+ 40. Qxb3 Rxb3+ {[%emt 0:00:03] KR-KR} 41. Kc2 Rb4 42. f5 exf5 43. Rd7 Rxa4 44. Rxf7 Re4 45. Rf6 Rxe5 46. Rxg6 f4 47. Kd3 f3 {[%emt 0:00:55] Weighted Error Value: White=0.44/Black=0.12 (very precise)} 0-1

[Event "15th Tashkent Open Agzamov 2022"]
[Site "Tashkent"]
[Date "2022.05.07"]
[Round "6.5"]
[White "Sanal, Vahap"]
[Black "Agmanov, Zhandos"]
[Result "1-0"]
[ECO "C13"]
[WhiteElo "2575"]
[BlackElo "2420"]
[Annotator "TA"]
[PlyCount "115"]
[EventDate "2022.05.05"]
[EventType "swiss"]
[EventCountry "UZB"]
[SourceTitle "playchess.com"]
[Source "ChessBase"]
[SourceQuality "1"]
[TimeControl "5400+30"]

1. e4 e6 2. d4 d5 3. Nc3 Nf6 4. Bg5 dxe4 5. Nxe4 Nbd7 6. Nf3 h6 7. Bxf6 Nxf6 {[%emt 0:00:22] C13: French: Classical System: 4 Bg5 Be7, Alekhine-Chatard Attack.} 8. Qd3 Nxe4 9. Qxe4 Qd5 {[%emt 0:00:40] Against Bc4. White has an edge.} 10. Qe3 Bd6 11. Bd3 {[%emt 0:00:40] [#]} c5 $146 ({Predecessor:} 11... O-O 12. O-O Rb8 13. c4 Qh5 14. c5 Be7 15. Ne5 Bf6 16. f4 Bxe5 17. fxe5 Qh4 {1-0 (24) Haubt,G (2285)-Mueller,G (2100) Germany 1991}) 12. Be4 cxd4 13. Nxd4 Qa5+ 14. c3 O-O 15. g3 e5 16. Nf5 Bxf5 17. Bxf5 e4 18. Bxe4 f5 $1 {[%emt 0:01:29] [#]} 19. O-O-O $1 fxe4 20. Rxd6 Qxa2 {[%emt 0:02:35] White must now prevent ...Qa1+.} 21. Rhd1 Rae8 22. Rd7 Qa1+ 23. Kc2 Qa4+ 24. Kb1 Rf3 25. Qc5 {[%emt 0:05:23] Threatens to win with Qd5+.} Rd3 {[%emt 0:06:04] Inhibits Qd5+.} ({Black should play} 25... Rff8 $14) 26. R7xd3 $16 {[%emt 0:01:11] The board is on fire.} ({Avoid the trap} 26. R1xd3 $2 exd3 27. Qd5+ Kh8 $19) 26... exd3 {[%emt 0:00:01][%mdl 4096] Endgame KQR-KQR} 27. Qd5+ Kh8 28. Qxd3 Qc6 29. h4 (29. f4 {feels hotter.} Kg8 30. Qf5 Qa4 31. Qd5+) 29... Qf6 30. Rd2 Qe6 31. h5 ({Better is} 31. Kc2) 31... Qg4 {[%emt 0:01:16] Strongly threatening ...Re1+.} 32. Qb5 Qe4+ 33. Ka2 Re5 $1 34. Rd8+ Kh7 35. Qd3 {[%emt 0:00:03] And now Qxe4+ would win.} Qxd3 (35... Ra5+ {is interesting.} 36. Kb3 Qxd3 37. Rxd3 Rxh5 38. Rd7 Rb5+) 36. Rxd3 Rxh5 $11 {[%emt 0:00:07] KR-KR} 37. Rd7 Ra5+ 38. Kb3 b6 39. f4 Kg6 40. g4 Kf6 41. Kc4 Ra2 42. b4 g6 43. Kb5 h5 ({Black should try} 43... Rc2 $14) 44. Rd6+ $16 Kg7 {[%emt 0:00:14] [#]} 45. f5 $1 gxf5 46. gxf5 (46. gxh5 $16 {h6+ is the strong threat.} f4 47. Rg6+ Kf7 48. Rg4) 46... a5 ({Don't play} 46... h4 47. Rg6+ Kf7 48. Rh6 $16) 47. Kxb6 axb4 48. cxb4 Rf2 49. b5 Rxf5 50. Kc6 {[%emt 0:00:18] Threatening mate with b6.} Rf1 $1 {[%emt 0:01:22] A mistake that costs the game.} 51. b6 {[%emt 0:01:17] White mates.} h4 {[%emt 0:00:58] [#]} 52. b7 $1 Rc1+ 53. Kd7 Rb1 54. Kc7 h3 55. b8=Q Rxb8 56. Kxb8 h2 57. Rd1 Kf6 58. Rh1 {[%emt 0:00:03] Weighted Error Value: White=0.07 (flawless) /Black=0.06 (flawless)} 1-0

[Event "15th Tashkent Open Agzamov 2022"]
[Site "Tashkent"]
[Date "2022.05.07"]
[Round "6.6"]
[White "Van Foreest, Lucas"]
[Black "Abdisalimov, Abdimalik"]
[Result "0-1"]
[ECO "E64"]
[WhiteElo "2572"]
[BlackElo "2435"]
[Annotator "TA"]
[PlyCount "48"]
[EventDate "2022.05.05"]
[EventType "swiss"]
[EventCountry "UZB"]
[SourceTitle "playchess.com"]
[Source "ChessBase"]
[SourceQuality "1"]
[TimeControl "5400+30"]

1. d4 Nf6 2. c4 g6 3. g3 Bg7 4. Bg2 O-O 5. Nc3 d6 6. Nf3 c5 7. dxc5 dxc5 8. Qxd8 Rxd8 9. Ne5 {[%emt 0:00:14] Prevents Nc6. E64: King's Indian: Fianchetto: 6...c5 7 d5.} Na6 {[%emt 0:12:40] [#]} (9... Ne8 $5 10. Nd3 Nc6 $11) 10. a3 $146 ({Predecessor:} 10. Bd2 Ne8 11. f4 Nd6 12. O-O-O f6 13. Nd3 Be6 14. b3 Rab8 15. Nd5 Kf7 16. e4 b5 17. cxb5 Nxb5 {1-0 (40) Tari,A (2618)-Van Foreest,J (2601) Chess.com INT 2019}) 10... Ne8 11. f4 {[%emt 0:07:22] The position is equal.} Nd6 12. O-O f6 13. Nd3 f5 (13... Nxc4 {looks sharper.} 14. Bd5+ Rxd5 15. Nxd5 Be6) 14. Ne5 Be6 15. Rb1 Rab8 16. b3 b5 17. Nd5 Kf8 {[%emt 0:02:17] [#] White must now prevent ...bxc4.} 18. Nc6 $1 bxc4 19. Nxd8 (19. Nxb8 $2 Rxb8 20. Bb2 Bxb2 21. Rxb2 cxb3 $19) 19... Rxd8 20. bxc4 Nxc4 21. e4 {[%emt 0:01:22][%mdl 8192] [#] Loses the game.} (21. Rd1 $1 $11 {and White has nothing to worry.}) 21... Bd4+ $19 22. Kh1 fxe4 23. Bxe4 Rxd5 ({Don't go for} 23... Bxd5 $2 24. Bxd5 Rxd5 25. Rb7 $19) 24. Rb7 $2 (24. h4) 24... Nd6 $1 {[%emt 0:01:04][%csl LRb7,LRe4] Weighted Error Value: White=0.61/Black=0.05 (flawless)} 0-1

[Event "15th Tashkent Open Agzamov 2022"]
[Site "Tashkent"]
[Date "2022.05.07"]
[Round "6.7"]
[White "Muradli, Mahammad"]
[Black "Madaminov, Mukhiddin"]
[Result "0-1"]
[ECO "A13"]
[WhiteElo "2539"]
[BlackElo "2308"]
[Annotator "TA"]
[PlyCount "134"]
[EventDate "2022.05.05"]
[EventType "swiss"]
[EventCountry "UZB"]
[SourceTitle "playchess.com"]
[Source "ChessBase"]
[SourceQuality "1"]
[TimeControl "5400+30"]

1. Nf3 Nf6 2. c4 e6 3. g3 d5 4. Bg2 dxc4 5. Qa4+ Nbd7 6. Qxc4 a6 7. Qc2 c5 8. Nc3 Bd6 {[%emt 0:02:58] A13: English Opening: 1...e6.} 9. d4 O-O 10. O-O Qc7 {[%emt 0:05:39] White is slightly better.} 11. dxc5 Nxc5 12. Be3 Nce4 {[%emt 0:05:05] [#]} 13. Rfc1 $146 ({Predecessor:} 13. Rfd1 Nxc3 14. Qxc3 Qxc3 15. bxc3 Bc7 16. Ng5 Rd8 17. Bf4 Ba5 18. c4 Re8 19. Ne4 Nxe4 20. Bxe4 {1-0 (47) Erigaisi,A (2597)-Jogstad,M (2334) Braganca 2021}) 13... Nxc3 14. Qxc3 Qxc3 15. Rxc3 Nd5 16. Rd3 Bd7 17. Nd4 Be5 18. Bxd5 exd5 19. Rd2 Rfc8 20. Nf3 Bf6 21. Bd4 Be7 22. Bc3 Be6 23. Ne1 b5 24. a3 a5 25. Nd3 {[%emt 0:02:32] Against b4} g5 26. Bd4 f6 27. b3 Ra6 28. f3 Bf5 29. Kf2 Kf7 30. g4 Bg6 31. a4 b4 32. h4 h6 (32... gxh4 $5 33. Rh1 f5 34. Ne5+ Ke8 $15) 33. h5 Bh7 34. Rad1 Rac6 35. Ne1 Rc1 36. e3 Ke6 37. Bb2 (37. Rxc1 $11 Rxc1 38. Ke2) 37... Rxd1 $17 {[%emt 0:00:21] Black is more active.} 38. Rxd1 Bd6 39. Ke2 (39. Bd4 $15) 39... Be5 $1 40. Rc1 $2 (40. Bd4 $17) 40... Rxc1 $19 41. Bxc1 {[%emt 0:00:02][%mdl 4096] Endgame KBB-KBN} Bc3 42. Nd3 {[%emt 0:02:09] [#]} Kd6 ({Black should try} 42... f5 $1 $19 {Strongly threatening ...fxg4.} 43. gxf5+ (43. Nc5+ $2 Kd6 $19) 43... Bxf5) 43. Bd2 $2 (43. f4 $17) 43... Bxd2 44. Kxd2 Bxd3 45. Kxd3 {[%emt 0:00:02] KP-KP} Ke5 46. Ke2 {[%emt 0:02:23] [#]} d4 $1 47. exd4+ Kxd4 48. Kd2 Ke5 49. Kd3 Kf4 50. Kc4 Kxf3 51. Kb5 Kxg4 52. Kxa5 f5 53. Kxb4 {[%emt 0:00:05] K3P-K3P} f4 54. a5 f3 55. a6 f2 56. a7 f1=Q 57. a8=Q {[%emt 0:00:05] Prevents Qa6.} Kxh5 {[%emt 0:00:47] KQ-KQ} (57... Kh4 $142 58. Qd8 Kxh5) 58. Qe8+ Kh4 {[%emt 0:01:46] White must now prevent ...g4.} 59. Ka5 Qf5+ 60. Kb6 $2 (60. Ka4) 60... g4 61. b4 g3 {[%emt 0:00:29] ( -> ...g2)} 62. b5 g2 {[%emt 0:00:49] Black mates.} 63. Qe1+ Kh3 64. Qe3+ Kg4 65. Ka5 h5 66. Ka6 Qf6+ 67. b6 Qf1+ {[%emt 0:00:01] Weighted Error Value: White=0.34/Black=0.10 (very precise)} 0-1

[Event "15th Tashkent Open Agzamov 2022"]
[Site "Tashkent"]
[Date "2022.05.07"]
[Round "6.8"]
[White "Assaubayeva, Bibisara"]
[Black "Abdurakhmonov, Mukhammadali"]
[Result "1/2-1/2"]
[ECO "D24"]
[WhiteElo "2439"]
[BlackElo "2308"]
[Annotator "TA"]
[PlyCount "83"]
[EventDate "2022.05.05"]
[EventType "swiss"]
[EventCountry "UZB"]
[SourceTitle "playchess.com"]
[Source "ChessBase"]
[SourceQuality "1"]
[TimeControl "5400+30"]

1. d4 Nf6 2. c4 e6 3. Nf3 d5 4. Nc3 dxc4 5. e4 b5 6. e5 {[%emt 0:00:23] D24: Queen's Gambit Accepted: 3 Nf3 Nf6 4 Nc3.} Nd5 7. Nxb5 Nb6 8. Be2 {[%emt 0:00:34] White is slightly better.} Nc6 $1 {[%emt 0:01:05] 8...Nc6 is better than 8...Be7.} 9. Nc3 Be7 10. Be3 Ba6 11. a3 Bb7 {[%emt 0:04:33] [#]} 12. O-O $146 ({Predecessor:} 12. Qc2 Na5 13. Rd1 Rb8 14. h4 h6 15. Rh3 Qd7 16. Rg3 g6 17. h5 g5 18. Nd2 {1-0 (42) Makarian,R (2444)-Nesterov,A (2498) Moscow 2020}) 12... Qd7 13. Qc2 g5 $2 (13... Na5 $11 {and Black has nothing to worry.}) 14. Rfd1 {[%emt 0:04:27] Black must now prevent d5.} O-O-O 15. Ne4 ({Weaker is} 15. Bxg5 Bxg5 16. Nxg5 Nxd4 $17) ({White should try} 15. Rac1) 15... g4 $16 16. Ne1 {[%emt 0:03:23] White is more active.} Rhg8 17. Bxc4 Nxc4 18. Qxc4 Na5 19. Qc3 {[%emt 0:04:14] d5 is the strong threat.} Qb5 {[%emt 0:10:50] [#]} 20. Rac1 $1 {[%emt 0:06:14][%csl Gc1][%cal Rc3c7] The board is on fire.} Rd7 21. Nd2 Nc6 22. b4 Rgd8 23. Nb3 {[%emt 0:02:21] Prevents a5.} Qd5 24. Rd2 a6 (24... h5 $16 25. Qc4 a5) 25. Na5 (25. Qb2 $18) 25... Nxa5 $14 26. bxa5 Kb8 27. Rb2 {[%emt 0:03:07][%cal Bd2b2,Bb2b3,Bb3c3][%mdl 32] And now Rcb1 would win.} Ka8 28. Rcb1 Bc6 29. Qd3 (29. f3 $16) 29... Ka7 (29... Bb5 $11 {remains equal.} 30. Rxb5 axb5) 30. Rb3 $16 h5 31. Rc3 Bb7 ({Not} 31... Bb5 32. Qc2 c5 33. dxc5 $16) 32. Qc2 Rc8 (32... h4 $14) 33. Rcb3 Ba8 34. Qb2 Rdd8 35. Bd2 (35. f3 $5 gxf3 36. Rc3 $16 (36. Nxf3 Rg8 $16)) 35... Bc6 36. Bb4 Bxb4 37. Rxb4 h4 38. Rc1 Rb8 39. Rxb8 (39. f3 $5 ) 39... Rxb8 40. Qc3 Kb7 {[%emt 0:00:51][%cal Oh4h3] [#]} 41. Rb1+ (41. f3 $1 $16) 41... Ka8 $11 42. Rxb8+ {[%emt 0:00:31] Black escapes into a draw.  Weighted Error Value: White=0.19 (very precise) /Black=0.22 (precise)} 1/2-1/2

[Event "15th Tashkent Open Agzamov 2022"]
[Site "Tashkent"]
[Date "2022.05.07"]
[Round "6.9"]
[White "Bernadskiy, Vitaliy"]
[Black "Begmuratov, Khumoyun"]
[Result "1-0"]
[ECO "E70"]
[WhiteElo "2636"]
[BlackElo "2384"]
[Annotator "TA"]
[PlyCount "69"]
[EventDate "2022.05.05"]
[EventType "swiss"]
[EventCountry "UZB"]
[SourceTitle "playchess.com"]
[Source "ChessBase"]
[SourceQuality "1"]
[TimeControl "5400+30"]

1. d4 Nf6 2. c4 g6 3. Nc3 Bg7 4. e4 O-O 5. Nge2 d6 6. h4 {[%emt 0:01:59] E70: King's Indian: Miscellaneous lines with 4 e4, including 5 Nge2 and 5 Bd3 0-0 6 Nge2.} c5 7. d5 e6 8. Ng3 {[%emt 0:01:17] The position is equal.} exd5 9. exd5 h5 10. Be2 {[%emt 0:01:48] Active counter play!} a6 11. Bg5 Nbd7 12. Qd2 Qc7 {[%emt 0:04:02] [#]} 13. O-O $146 ({Predecessor:} 13. Bh6 Ne5 14. Bxg7 Kxg7 15. Qg5 Nh7 16. Qd2 f5 17. f4 Ng4 18. Bxg4 fxg4 19. O-O-O Bf5 20. Rhe1 Rae8 21. Rxe8 Rxe8 22. Re1 Qf7 23. Re3 {½-½ (23) Knights,A-Tucker,D London 1995}) 13... Nh7 $1 14. Bh6 $36 {[%emt 0:00:53][%mdl 2048] White is pushing.} f5 $1 15. Bxg7 Kxg7 16. Rfe1 Ne5 17. f4 Nf7 18. Bxh5 {[%emt 0:09:10] Strongly threatening Bf3.} gxh5 {[%emt 0:02:58] [#]} (18... Qd8 $1 $11 {and Black has nothing to worry.}) 19. Re6 $1 $18 Kh8 {[%emt 0:18:06] Threatens to win with ...Qd8.} 20. Nxh5 Qd8 $2 {[%emt 0:05:29] [#]} (20... Bxe6 $16 21. dxe6 Qa5) 21. Qe1 $2 (21. Ne4 $1 $18 {[%mdl 512] is the precise move to win. And now Qc3+ would win.} Bxe6 22. Qc3+ Ne5 23. fxe5 fxe4 24. exd6+ Rf6 25. Rf1) 21... Bxe6 $2 {[%emt 0:05:15] A mistake that costs the game.} (21... b5 $16) 22. dxe6 {[%emt 0:00:11] aiming for Nd5.} Qe8 {[%emt 0:00:54] White must now prevent ...Nh6.} 23. Nd5 Ne5 24. fxe5 Qxh5 25. exd6 Rg8 26. Qe5+ Rg7 27. Nf4 Qh6 (27... Qg4 28. Rf1 Nf8) 28. d7 (28. Re1 $142) 28... Qf6 29. Re1 {[%emt 0:04:31][%cal Ba1e1,Be1e3,Be3g3][%mdl 32] Dancing on a razor blade.} Rd8 $2 (29... Qxe5 30. Rxe5 Nf8) 30. e7 Rxe7 31. Qxe7 Qd4+ 32. Re3 Qxd7 33. Qe5+ Kg8 34. Rg3+ Kf8 35. Qh8+ {[%emt 0:00:08] Weighted Error Value: White=0.52/Black=0.55} 1-0

[Event "15th Tashkent Open Agzamov 2022"]
[Site "Tashkent"]
[Date "2022.05.07"]
[Round "6.10"]
[White "Vokhidov, Shamsiddin"]
[Black "Yakubbaeva, Nilufar"]
[Result "1/2-1/2"]
[ECO "C65"]
[WhiteElo "2536"]
[BlackElo "2327"]
[Annotator "TA"]
[PlyCount "79"]
[EventDate "2022.05.05"]
[EventType "swiss"]
[EventCountry "UZB"]
[SourceTitle "playchess.com"]
[Source "ChessBase"]
[SourceQuality "1"]
[TimeControl "5400+30"]

1. e4 e5 2. Nf3 Nc6 3. Bb5 Nf6 4. d3 Bc5 5. Nbd2 Nd4 6. Nxd4 {[%emt 0:00:40] C65: Ruy Lopez: Berlin Defence (3...Nf6), unusual lines and 4 0-0 Bc5.} Bxd4 7. c3 Bb6 8. d4 {[%emt 0:00:14] The position is equal.} exd4 9. e5 dxc3 10. bxc3 Qe7 {[%emt 0:00:05] Inhibits Ba3.} 11. O-O $1 Nd5 {[%emt 0:04:59] [#]} (11... Qxe5 $2 12. Re1 Qxe1+ 13. Qxe1+ Kd8 14. Nc4 $18) 12. Qf3 $146 ({Predecessor:} 12. Bc4 Nf4 13. a4 O-O 14. a5 Bc5 15. Ne4 Ng6 16. Re1 Qxe5 17. h4 d5 18. Bxd5 {1-0 (37) Hatzl,J (2505)-Tombette,P (2403) ICCF email 2017}) 12... c6 (12... Qxe5 $2 13. Ba3 Ne3 14. Rae1 $1 $18) 13. Bc4 O-O $36 {[%emt 0:06:01][%mdl 2048] Black has good play.} (13... Qxe5 $2 14. Ba3 Kd8 15. Rfe1 $18) 14. Re1 Bc7 (14... d6 $5 ) 15. Bxd5 cxd5 16. Qxd5 Qe6 17. Qc5 (17. Qc4 $5 Ba5 18. Qd3 $11) 17... Qc6 18. Ba3 Re8 19. Qd4 b6 20. Nf3 Bb7 21. Rad1 Rad8 22. Bd6 Bxd6 23. exd6 {[%emt 0:00:02] [#]} Re4 (23... Re6 $1 $17) 24. Rxe4 $11 Qxe4 25. Re1 {[%emt 0:02:04] Against Qe2} Qxd4 26. Nxd4 {[%emt 0:00:04][%mdl 4096] Endgame KRB-KRN} Bd5 27. f4 g6 28. g4 ({Better is} 28. a3 $11) 28... Kf8 (28... Bxa2 $15 29. Ra1 Be6) 29. a3 Rc8 30. Re5 Bc6 31. Re7 Ba4 32. Nf3 f6 {[%emt 0:02:38] Inhibits Ng5.} 33. Rxh7 {[%emt 0:00:36] Threatens to win with Rh8+.} Rxc3 34. Nh4 g5 35. Ng6+ Kg8 36. Re7 (36. Rh8+ $1 $11 Kg7 37. f5) 36... gxf4 $1 $15 ({Much weaker is} 36... Rxa3 37. f5 $11) 37. Nxf4 {[%emt 0:01:28] Black must now prevent Nd5.} Rc4 $1 ({Much less strong is} 37... Rxa3 38. Nd5 $16) 38. Nd5 Rxg4+ 39. Kf2 Kf8 {[%emt 0:00:06] ...Rd4 is the strong threat.} 40. Ke3 {[%emt 0:02:21] Against Rd4.  Weighted Error Value: White=0.13 (very precise) /Black=0.07 (flawless)} 1/2-1/2

[Event "15th Tashkent Open Agzamov 2022"]
[Site "Tashkent"]
[Date "2022.05.08"]
[Round "7.1"]
[White "Indjic, Aleksandar"]
[Black "Asadli, Vugar"]
[Result "1/2-1/2"]
[ECO "D50"]
[WhiteElo "2621"]
[BlackElo "2578"]
[Annotator "TA"]
[PlyCount "69"]
[EventDate "2022.05.05"]
[EventType "swiss"]
[EventCountry "UZB"]
[SourceTitle "playchess.com"]
[Source "ChessBase"]
[SourceQuality "1"]
[TimeControl "5400+30"]

1. d4 d5 2. c4 e6 3. Nf3 Nf6 4. Nc3 c5 5. cxd5 cxd4 6. Qxd4 exd5 7. Bg5 Be7 8. e3 O-O {[%emt 0:01:02] D50: Queen's Gambit Declined: Dutch-Peruvian Gambit.} 9. Be2 Nc6 10. Qd3 {[%emt 0:00:07] Nowadays more popular than 10.Qa4.} h6 11. Bh4 Qb6 12. O-O Rd8 ({But not} 12... Qxb2 13. Rab1 Qa3 14. Bxf6 (14. Nxd5 Nxd5 15. Qxd5 Bxh4 $11) 14... Bxf6 15. Nxd5 Qxd3 16. Nxf6+ (16. Bxd3 Be7 $14) 16... gxf6 17. Bxd3 $14) 13. Rfd1 Qxb2 14. Rab1 Qa3 15. Bxf6 Bxf6 16. Nxd5 Qxa2 17. Nxf6+ gxf6 18. Nd4 Be6 19. Rxb7 Rd6 {[%emt 0:00:22] [#]} 20. Bf1 $146 ({Predecessor:} 20. Rd2 Qa1+ 21. Rb1 Qa5 22. Rdd1 Nxd4 23. exd4 Rad8 24. h4 Qf5 25. Qg3+ Qg6 26. Qf4 {0-1 (40) Mamedyarov,S (2762)-So,W (2778) chess24.com INT 2021}) 20... Rad8 21. Qc3 {[%emt 0:02:04] [#] Hoping for Ra1.} Nxd4 22. exd4 Qa4 23. Qg3+ Kf8 {[%emt 0:05:15] [#]} 24. Rb8 $1 {[%emt 0:01:24] Intending Qxd6+ and mate.} Qd7 (24... Rd5 $5 25. Rxd8+ Rxd8 $14) 25. Rdb1 Rb6 $1 26. Rxd8+ Qxd8 27. Rd1 {[%emt 0:00:22][%cal Od4d5] Threatening d5!} Rd6 (27... Qd6 $11) 28. Qf4 Kg7 29. Rd3 Rd5 {[%emt 0:00:11] The position is equal.} 30. h4 {[%emt 0:02:49] Strongly threatening Rg3+.} f5 31. g3 (31. Rd1 $5 ) 31... Qb6 32. Rd1 Qb3 {[%emt 0:02:22] Against Bc4} 33. Ra1 Qb4 34. Rxa7 {[%emt 0:04:37] Black must now prevent Bg2.} Qxd4 35. Qxd4+ {[%emt 0:00:07] Weighted Error Value: White=0.07 (flawless) /Black=0.07 (flawless)} 1/2-1/2